 Dungeon Crawl Stone Soup version 0.27.1-1-g398f81649c (webtiles) character file.

Game seed: 10318645678266419851

45 Descartes the Covert (level 3, -2/19 HPs)
             Began as a Spriggan Delver on Sept 14, 2021.
             Slain by an iguana (10 damage)
             ... on level 4 of the Dungeon.
             The game lasted 00:05:43 (2060 turns).

Descartes the Covert (Spriggan Delver)              Turns: 2060, Time: 00:05:43

Health: -2/19      AC:  3    Str:  9    XL:     3   Next: 42%
Magic:  4/4        EV: 17    Int: 11    God:
Gold:   43         SH:  5    Dex: 16    Spells: 2/2 levels left

rFire    . . .     SeeInvis +   a - +0 short sword
rCold    . . .     Faith    .   k - +0 buckler
rNeg     . . .     Spirit   .   b - +0 robe
rPois    .         Reflect  .   (helmet restricted)
rElec    .         Harm     .   m - +0 cloak
rCorr    .         Rampage  .   (gloves unavailable)
Will     .....                  (boots unavailable)
Stlth    ++++......             (no amulet)
HPRegen  0.06/turn              (no ring)
MPRegen  0.09/turn              (no ring)

@: very quick
A: very small, no large weapons, unfitting armour, see invisible, speed 3
a: no special abilities


You were on level 4 of the Dungeon.
You visited 1 branch of the dungeon, and saw 4 of its levels.

You collected 43 gold pieces.

Inventory:

Hand Weapons
 a - a +0 short sword (weapon)
 o - a +0 hand crossbow
Missiles
 p - 27 bolts
 q - 40 stones (quivered)
Armour
 b - a +0 robe (worn)
 k - a +0 buckler (worn)
 m - a +0 cloak (worn)
Wands
 g - a wand of digging (3)
Scrolls
 c - a scroll of fog
 d - a scroll of magic mapping
 e - a scroll of fear
 h - a scroll of identify {unknown}
 i - a scroll of acquirement {unknown}
 l - a scroll of blinking {unknown}
Potions
 f - a potion of haste
 j - a potion of curing {unknown}
 n - a potion of cancellation {unknown}


   Skills:
 - Level 2.4 Fighting
 + Level 2.5 Short Blades
 + Level 3.1 Dodging
 + Level 8.4 Stealth
 + Level 0.4 Shields


You had 2 spell levels left.
You didn't know any spells.
Your spell library contained the following spells:

 Spells                   Type           Power      Damage    Failure   Level
 Animate Dead             Necr           0%         N/A       99%         4
 Haunt                    Necr/Summ      0%         N/A       100%        7
 Infestation              Necr           0%         N/A       100%        8


Dungeon Overview and Level Annotations

Branches:
Dungeon (5/15)
 Temple: D:4-7

Altars:

Annotations:
D:4 3 runed translucent doors, JackSzpara's ghost, amateur MiFi


Innate Abilities, Weirdness & Mutations

You are very small and have problems with some larger weapons.
You are too small for most types of armour.
You have supernaturally acute eyesight. (SInv)
You cover ground extremely quickly. (Speed+++)


Message History

The iguana hisses angrily.
The iguana barely misses you.
You hit the iguana.
The iguana is lightly wounded.
You block the iguana's attack.
You closely miss the iguana.
The iguana is lightly wounded.
The iguana closely misses you.
You closely miss the iguana.
The iguana is lightly wounded.
You block the iguana's attack.
You hit the iguana.
The iguana is moderately wounded.
The iguana misses you.
You closely miss the iguana.
The iguana is moderately wounded.
You block the iguana's attack.
You hit the iguana but do no damage.
The iguana is moderately wounded.
The iguana closely misses you.
You barely miss the iguana.
The iguana is moderately wounded.
The iguana completely misses you.
You hit the iguana but do no damage.
The iguana is moderately wounded.
You block the iguana's attack. The iguana misses you.
You hit the iguana but do no damage.
The iguana is moderately wounded.
The iguana bites you!
Ouch! That really hurt!
You are too injured to fight recklessly!
You are too injured to fight recklessly!
You hit the iguana.
The iguana is moderately wounded.
The iguana closely misses you.
You hit the iguana.
The iguana is moderately wounded.
The iguana bites you!
Ouch! That really hurt!
You die...

..###.# #.######
#.#####.##.# ..###.# #.#
#.......##.# ......# #.#
##########.# .###### #.#
#.# .########.### #.#
............# ###### #.#
.##.##..###.## .....#
####.#
........##...####.....#
#....#
........##......@l....#
#.####
.............####.....#
#.# ..........#.## .....#
#.# .###.#.##.#.# ######
#.# .# #.#......# #.# .#
#.####.### ########.# .#
#.####.#########.....<..#
.#
#.............##.#...#..#
.#
######..##...........#..#


You could see an iguana.

Vanquished Creatures
  2 adders (D:4)
  An adder skeleton (D:4)
  2 worms
  2 orcs (D:3)
  A ball python (D:3)
  2 endoplasms (D:4)
  3 kobolds
  2 quokkas (D:2)
  3 bats (D:2)
18 creatures vanquished.

Notes
Turn   | Place    | Note
-------+----------+-------------------------------------------
     0 | D:5      | Descartes the Spriggan Delver began the quest for the Orb.
     0 | D:5      | Reached XP level 1. HP: 11/11 MP: 2/2
    30 | D:5      | Noticed an orc wizard
    33 | D:5      | Noticed an orc priest
   121 | D:4      | Reached skill level 8 in Stealth
   121 | D:4      | Reached XP level 2. HP: 13/16 MP: 3/3
   157 | D:4      | Noticed a lemure
   180 | D:4      | Found a runed translucent gate.
   181 | D:4      | Found a runed translucent gate.
   181 | D:4      | Found a runed translucent gate.
   181 | D:4      | Noticed JackSzpara's ghost (amateur MiFi)
   863 | D:3      | Reached XP level 3. HP: 7/19 MP: 4/4
  1518 | D:2      | You fall into a shaft and drop 2 floors!
  2060 | D:4      | Slain by an iguana

Illustrated notes

Levels and vault maps discovered:
D:2:      layout_basic, hellmonk_ecumenical_altar_inner_sanctum,
          kennysheep_generic_room_14
D:3:      layout_basic, serial_shops, nicolae_shop_waterfront,
          nicolae_shop_waterfront, shop, nicolae_shop_waterfront,
          nicolae_shop_crystal, minivault_19
D:4:      layout_loops_cross, ebering_ghost_rock_garden, uniq_pikel
D:5:      layout_rooms, minmay_misc_feat_chi

Skill      XL: |  1  2  3 |
---------------+----------+-----
Stealth        | 8 |  8.4
Dodging        | 3 |  3.1
Fighting       | |  2.4
Short Blades   | |  2.5
Shields        | |  0.4

Action                   || total
-------------------------++-------
Melee: Short sword       ||   112
 Stab: Sleeping          ||     5
Armor: Robe              ||    13
Dodge: Dodged            ||    77
Block: Buckler           ||    30
